 Dungeon Crawl Stone Soup version 0.26.1-11-gd32895ea62 (webtiles) character file.

Game seed: 15364691058841124736

490 jlumianski the Caller (level 6, -9/25 HPs)
             Began as a Felid Summoner on May 15, 2021.
             Splashed by an orc's acid (15 damage)
             ... on level 6 of the Dungeon.
             The game lasted 00:46:20 (9206 turns).

jlumianski the Caller (Felid Summoner)              Turns: 9206, Time: 00:46:25

Health: -9/25      AC: -2    Str:  4    XL:     6   Next: 90%
Magic:  20/24      EV: 22    Int: 19    God:
Gold:   302        SH:  0    Dex: 16    Spells: 10/16 levels left
                                        Lives:  0   Deaths: 1

rFire    . . .     SeeInvis +   (weapon unavailable)
rCold    . . .     Faith    .   (shield unavailable)
rNeg     . . .     Spirit   .   (armour unavailable)
rPois    .         Reflect  .   (helmet unavailable)
rElec    .         Harm     .   (cloak unavailable)
rCorr    .         Rampage  .   (gloves unavailable)
Will     .....                  (boots unavailable)
Stlth    +++.......             (no amulet)
HPRegen  0.08/turn              a - ring of magical power
MPRegen  0.19/turn              p - +4 ring of evasion

@: corroded, quick
A: very small, no armour, no weapons or thrown items, stealth, claws 1, fangs 3,
see invisible, speed 1, shaggy fur 2, sharp paws
a: no special abilities


You were on level 6 of the Dungeon.
You visited 1 branch of the dungeon, and saw 6 of its levels.
You also visited: Sewer.

You collected 302 gold pieces.

Inventory:

Hand Weapons
 j - a cursed -2 dagger
Jewellery
 a - a ring of magical power (left paw)
 c - a +6 ring of dexterity
 e - an uncursed ring of ice {unknown}
 g - an uncursed ring of attention
 h - an uncursed ring of willpower
 o - an uncursed amulet of faith
 p - a +4 ring of evasion (right paw)
 q - the ring "Ifya" {rN+ AC-4 Stlth+}
   (You found it on level 4 of the Dungeon)

   [ring of protection]

   It affects your AC (-4).
   It protects you from negative energy.
   It makes you more stealthy.
Wands
 v - a wand of polymorph (6)
 y - a wand of random effects (16)
Scrolls
 r - a scroll of fear
 t - a scroll of magic mapping
 u - 3 scrolls of teleportation
Potions
 b - 2 potions of flight
 d - 3 potions of haste
 f - a potion of resistance
 i - 3 potions of curing
 k - a potion of berserk rage
 l - 2 potions of attraction
 m - a potion of magic
 n - a potion of invisibility {unknown}
 s - 2 potions of might
 w - a potion of degeneration {unknown}
 x - a potion of ambrosia {unknown}
 z - a potion of cancellation {unknown}
 A - a potion of lignification {unknown}


   Skills:
 + Level 0.6 Fighting
 + Level 2.8 Dodging
 + Level 4.4 Stealth
 + Level 5.5 Spellcasting
 + Level 6.4 Summonings


You had 10 spell levels left.
You knew the following spells:

 Your Spells              Type           Power        Failure   Level
a - Summon Small Mammal   Summ           100%         1%          1
b - Call Imp              Summ           29%          1%          2
c - Call Canine Familiar  Summ           29%          2%          3

Your spell library contained the following spells:

 Spells                   Type           Power        Failure   Level
 Summon Guardian Golem    Hex/Summ       17%          10%         3
 Summon Ice Beast         Ice/Summ       17%          30%         4
 Summon Lightning Spire   Summ/Air       17%          30%         4


Dungeon Overview and Level Annotations

Branches:
Dungeon (6/15)              Sewer (visited)
 Temple: D:4-7

Altars:
Ru
Uskayaw
Wu Jian


Innate Abilities, Weirdness & Mutations

You cannot wear armour.
You are incapable of wielding weapons or throwing items.
Your paws allow you to move quietly. (Stealth)
You have sharp claws.
You have razor-sharp teeth.
You have supernaturally acute eyesight. (SInv)
You cover ground quickly.
You are covered in thick fur. (AC +2)
Your sharp claws are effective at attacking unaware monsters.


Message History

Your white imp gestures at the orc.
The puff of frost hits the orc.
Your white imp hits the orc.
Your white imp freezes the orc.
The orc dies!
The orc throws a boomerang.
The boomerang hits your white imp but does no damage.
The weapon returns to the orc!
Casting: Call Imp (safe; 1% risk of failure)
Confirm with . or Enter, or press ? or * to list all spells.
The orc throws a boomerang.
The boomerang barely misses your white imp.
The boomerang hits your white imp.
The weapon returns to the orc!
Unknown command.
The orc zaps a wand.
The bolt of acid misses your white imp. The bolt of acid hits you!!
Ouch! That really hurt!
* * * LOW HITPOINT WARNING * * *
The acid corrodes you!
You are splashed with acid!
Ouch! That really hurt!
You die...

.#.....#....#.....#..5..'........
.#.....#....#.....#.....#........
.#.....#....#.....'.....#........
.#.....#....#.....#.....#........
.##'#########.....###############
............#.....#
.##.........#.....#
.##.........#....†#
.##...##....#.h.@.#######
.#######...<#...55.5.o...
............#.....[....o.
............#..........o.
............'............
(....)###'###............ ####'##
#............ ###...#
#.....###'### #.....# '.....# ...


You could see 3 orcs, a friendly hound (summoned), 2 friendly white imps and a
friendly shadow imp (summoned).

Vanquished Creatures
  A leopard gecko (D:3)
  An orc (D:3)
  A giant cockroach (D:6)
  A frilled lizard (D:5)
  A kobold (D:2)
  A leopard gecko zombie (D:5)
6 creatures vanquished.

Vanquished Creatures (collateral kills)
  Menkaure (D:6)
  A water moccasin (D:6)
  Duvessa (D:5)
  An ice beast (D:4)
  An ogre (D:4)
  A centaur (D:6)
  2 big kobolds (Sewer)
  A bullfrog (D:6)
  Dowan (D:5)
  A howler monkey (D:6)
  A hound (D:5)
  2 orc wizards (D:5)
  An iguana (D:5)
  Jessica (D:2)
  2 worker ants
  11 adders
  A white imp (D:5)
  An ufetubus (D:5)
  An ooze (Sewer)
  9 worms
  2 dart slugs
  2 leopard geckos
  8 orcs
  A giant cockroach (D:2)
  5 goblins
  6 hobgoblins
  7 jackals
  3 quokkas (D:3)
  4 ball pythons
  8 bats
  5 frilled lizards
  10 kobolds
  8 rats
110 creatures vanquished.

Grand Total: 116 creatures vanquished

Notes
Turn   | Place    | Note
-------+----------+-------------------------------------------
     0 | D:1      | jlumianski the Felid Summoner began the quest for the Orb.
     0 | D:1      | Reached XP level 1. HP: 7/7 MP: 4/4
   786 | D:1      | Reached XP level 2. HP: 11/11 MP: 1/6
   789 | D:1      | Learned a level 2 spell: Call Imp
   993 | D:2      | Found a faded altar of an unknown god.
  1502 | D:2      | Reached XP level 3. HP: 10/14 MP: 0/7
  1724 | D:2      | Noticed a +0 hand axe
  1725 | D:2      | Found a hide-covered altar of Uskayaw.
  1726 | D:2      | Noticed a +0 dagger
  2351 | D:2      | Noticed Jessica
  2365 | D:2      | Killed Jessica
  2690 | D:2      | Learned a level 3 spell: Call Canine Familiar
  2789 | D:3      | Reached XP level 4. HP: 18/18 MP: 6/9
  3990 | D:4      | Noticed an ogre
  4003 | D:4      | Killed an ogre
  4004 | D:4      | Reached skill level 5 in Summonings
  4004 | D:4      | Reached XP level 5. HP: 21/21 MP: 0/11
  4182 | D:4      | Got a warped wooden ring
  4270 | D:4      | Found a glowing drain.
  4289 | Sewer    | Entered a sewer
  4759 | Sewer    | HP: 1/21 [poisoned by a kobold]
  5217 | D:4      | Identified the cursed ring "Ifya" {rN+ AC-4 Stlth+} (You
                  | found it on level 4 of the Dungeon)
  5581 | D:5      | Entered Level 5 of the Dungeon
  5854 | D:5      | Noticed an ice beast
  5894 | D:4      | Killed an ice beast
  5895 | D:4      | Gained mutation: You are covered in thick fur. (AC +2)
                  | [Felid growth]
  5895 | D:4      | Reached XP level 6. HP: 13/24 MP: 0/13
  6316 | D:5      | Found a sacrificial altar of Ru.
  6683 | D:5      | Found an ornate altar of the Wu Jian Council.
  7024 | D:6      | Noticed Menkaure
  7031 | D:6      | Killed Menkaure
  7178 | D:6      | Noticed Duvessa
  7181 | D:6      | Noticed Dowan
  7230 | D:5      | Reached skill level 6 in Summonings
  7400 | D:5      | Slain by Duvessa
  7401 | D:5      | Reached XP level 5. HP: -2/21 MP: 6/12
  7810 | D:6      | Noticed a centaur
  7990 | D:5      | Killed Duvessa
  7991 | D:5      | Reached skill level 5 in Spellcasting
  7991 | D:5      | Reached XP level 6. HP: 17/25 MP: 1/14
  8023 | D:5      | Killed Dowan
  8900 | D:6      | Noticed a water moccasin
  8928 | D:6      | Killed a water moccasin
  9206 | D:6      | Splashed by an orc's acid

Illustrated notes

Levels and vault maps discovered:
D:1:      dpeg_arrival_simpleton_b, layout_rooms
D:2:      layout_basic, dancing_weapons_uskayaw,
          chequers_ecumenical_altar_simple_redux, uniq_jessica
D:3:      layout_loops_ring, serial_rivers, chequers_serial_rivers_micro_b,
          chequers_serial_rivers_small_a, chequers_serial_rivers_marsh,
          chequers_serial_rivers_large_a, chequers_serial_rivers_small_a,
          chequers_serial_rivers_small_3, supply_closet_lemuel
D:4:      layout_basic, cheibrodos_sewer_entry_sluice
D:5:      layout_rooms, kennysheep_little_box, serial_rivers,
          chequers_serial_rivers_micro_e, chequers_serial_rivers_small_3,
          chequers_serial_rivers_micro_c, chequers_serial_rivers_micro_e,
          chequers_serial_rivers_large_b, chequers_serial_rivers_room_a,
          nicolae_ru_awakened_eye
D:6:      layout_gridville, uniq_duvessa, uniq_menkaure

Skill      XL: |  1  2  3  4  5  6 |
---------------+-------------------+-----
Stealth        | 3 4 |  4.4
Spellcasting   | 3 5 |  5.5
Summonings     | 5 6 |  6.4
Fighting       | |  0.6
Dodging        | |  2.8

Action                   |  1- 3 |  4- 6 || total
-------------------------+-------+-------++-------
Melee: Unarmed           |     9 |    26 ||    35
       Bite              |     2 |     1 ||     3
 Cast: Summon Small Mamm |    98 |   135 ||   233
       Call Imp          |    26 |    95 ||   121
       Call Canine Famil |       |    29 ||    29
  Use: Scroll            |     7 |     6 ||    13
       Potion            |     2 |     7 ||     9
 Stab: Sleeping          |     2 |     6 ||     8
       Distracted        |       |     1 ||     1
Armor: Skin              |     3 |     8 ||    11
Dodge: Dodged            |    31 |    92 ||   123
